 Dungeon Crawl Stone Soup version 0.30-a0-170-g85af917532 (webtiles) character file.

Game seed: 16277769650753286808

72605 RepoMan the Impaler (level 15, -8/120 HPs)
             Began as a Mummy Fighter on Oct 1, 2022.
             Was an Elder of Fedhas.
             Killed from afar by a fire dragon (43 damage)
             ... with a blast of flame
             ... on level 14 of the Dungeon.
             The game lasted 02:45:10 (25805 turns).

RepoMan the Impaler (Mummy Fighter)                Turns: 25805, Time: 02:45:11

Health: -8/120     AC: 20    Str: 25    XL:     15   Next: 1%
Magic:  16/24      EV:  5    Int:  9    God:    Fedhas [****..]
Gold:   737        SH: 12    Dex: 18    Spells: 14/14 levels left

rFire   . . .      SeeInvis .    w - +9 lance "Wyrmbane" {slay drac, rPois rF+ rC+ AC+3}
rCold   + + +      Faith    +    C - +0 kite shield
rNeg    + + +      Spirit   .    g - +2 plate armour {rC+}
rPois   ∞          Reflect  .    (no helmet)
rElec   .          Harm     .    t - +1 cloak
rCorr   .          Rampage  .    I - +0 pair of gloves
Will    +....                    d - +0 pair of boots
Stlth   ..........               A - amulet of regeneration
HPRegen 1.10/turn                c - +4 ring of slaying
MPRegen 0.19/turn                B - +6 ring of dexterity

@: studying Invocations
A: cold resistance 1, negative energy resistance 3, torment resistance 2, heat
vulnerability 1, in touch with death 2, no potions, faith
a: Renounce Religion, Wall of Briars, Grow Ballistomycete, Overgrow


You were on level 14 of the Dungeon.
You worshipped Fedhas.
Fedhas was greatly pleased with you.
You visited 4 branches of the dungeon, and saw 22 of its levels.
You also visited: Sewer and Ice Cave.

You collected 2230 gold pieces.
You spent 1493 gold pieces at shops.

Inventory:

Hand Weapons
 a - a +2 antimagic broad axe
 e - the +8 trident of the Octopus King {venom, rElec rPois}
   (You found it on level 5 of the Lair of Beasts)

   It poisons the flesh of those it strikes.
   rElec:     It insulates you from electricity.
   rPois:     It protects you from poison.
 w - the +9 lance "Wyrmbane" (weapon) {slay drac, rPois rF+ rC+ AC+3}
   (You took it off Maggie on level 6 of the Dungeon)

   It inflicts extra damage against dragons and draconians.
   AC:        It affects your AC (+3).
   rF:        It protects you from fire.
   rC:        It protects you from cold.
   rPois:     It protects you from poison.
 z - the +8 sling "Impslayer" {venom, Fragile Fly rF+ Str+4}
   (You found it on level 9 of the Dungeon)

   Any ammunition fired from it poisons the flesh of those it strikes.
   Str:       It affects your strength (+4).
   rF:        It protects you from fire.
   Fly:       It grants you flight.
   Fragile:   It will be destroyed if unequipped.
Missiles
 n - 11 curare-tipped darts
 o - 2 javelins
 p - 25 poisoned darts
 M - 15 boomerangs (quivered)
Armour
 d - a +0 pair of boots (worn)
 g - a +2 plate armour of cold resistance (worn)
 j - a +2 robe of willpower
 s - a +0 tower shield of cold resistance
 t - a +1 cloak (worn)
 C - a +0 kite shield (worn)
 I - a +0 pair of gloves (worn)
Jewellery
 b - a ring of resist corrosion
 c - a +4 ring of slaying (left hand)
 A - an amulet of regeneration (around neck)
 B - a +6 ring of dexterity (right hand)
Wands
 l - a wand of polymorph (5)
 m - a wand of flame (14)
 x - a wand of digging (6)
 E - a wand of paralysis (16)
 K - a wand of acid (1)
Scrolls
 h - 3 scrolls of enchant weapon
 i - 6 scrolls of enchant armour
 k - 4 scrolls of magic mapping
 q - 4 scrolls of amnesia
 r - 2 scrolls of poison
 u - 8 scrolls of noise
 v - 4 scrolls of vulnerability
 F - 2 scrolls of torment
 G - 4 scrolls of immolation
 H - 6 scrolls of fog
 L - 2 scrolls of teleportation
 N - a scroll of brand weapon
Miscellaneous
 J - a tin of tremorstones (1/2)


   Skills:
 + Level 11.9 Fighting
 + Level 15.3 Polearms
 + Level 2.5 Armour
 + Level 10.5 Shields
 * Level 12.9 Invocations


You had 14 spell levels left.
You didn't know any spells.
Your spell library contained the following spells:

 Spells                   Type           Power      Damage    Failure   Level
 Freeze                   Ice            0%         1d3       100%        1
 Magic Dart               Conj           0%         1d3       100%        1
 Summon Small Mammal      Summ           0%         N/A       100%        1
 Blink                    Tloc           0%         N/A       100%        2
 Momentum Strike          Conj/Tloc      0%         3d8       100%        2
 Searing Ray              Conj           0%         2d4       100%        2
 Call Canine Familiar     Summ           0%         N/A       100%        3
 Dazzling Flash           Conj/Hex       0%         N/A       100%        3
 Frozen Ramparts          Ice            0%         1d1       100%        3
 Hailstorm                Conj/Ice       0%         3d3       100%        3
 Lesser Beckoning         Tloc           0%         N/A       100%        3
 Summon Guardian Golem    Hex/Summ       0%         N/A       100%        3
 Fulminant Prism          Conj/Hex       0%         3d6       100%        4
 Iskenderun's Mystic Bla  Conj/Tloc      0%         2d3       100%        4
 Passage of Golubria      Tloc           0%         N/A       100%        4
 Summon Lightning Spire   Summ/Air       0%         N/A       100%        4
 Silence                  Hex/Air        0%         N/A       100%        5
 Starburst                Conj/Fire      0%         6d3       100%        6
 Summon Hydra             Summ           0%         N/A       100%        7
 Lehudib's Crystal Spear  Conj/Erth      0%         10d2      100%        8
 Maxwell's Capacitive Co  Air            0%         ∞         100%        8
 Sublimation of Blood     Necr           Unusable   N/A       N/A         2
 Wereblood                Tmut           Unusable   N/A       N/A         2
 Storm Form               Tmut/Air       Unusable   N/A       N/A         7

Dungeon Overview and Level Annotations

Branches:
Dungeon (14/15)            Temple (1/1) D:5            Lair (5/5) D:10
  Swamp (0/4) Lair:2        Snake (0/4) Lair:2        Slime (0/5) Lair:5
    Orc (2/2) D:12            Elf (0/3) Orc:2        Vaults (0/5) D:13
  Sewer (visited)           IceCv (visited)

Altars:
Cheibriados
Fedhas
Gozag
Hepliaklqana
Kikubaaqudgha
Makhleb
Nemelex Xobeh
Okawaru
Qazlal
Sif Muna
Trog
Wu Jian
Xom

Shops:
D:1 ?   D:3 (   D:10 :   D:12 ?   D:14 :=   Orc:2 ([[?!

Annotations:
D:13 2 transporters, Cinos's ghost, journeyman DjFE
Lair:1 3 exclusions


Innate Abilities, Weirdness & Mutations

You are immune to poison.
Your flesh is cold resistant. (rC+)
You are immune to negative energy. (rN+++)
You are immune to unholy pain and torment.
You are vulnerable to heat. (rF-)
You are strongly in touch with the powers of death.
You do not drink.
You have a special connection with the divine. (Faith)


Message History

You puncture the fire dragon!
The fire dragon convulses.
The fire dragon is lightly wounded.
You hit the fire dragon but do no damage.
The fire dragon convulses.
The fire dragon is lightly wounded.
The fire dragon barely misses you. You block the fire dragon's attack.
The fire dragon barely misses you.
You hit the fire dragon.
The fire dragon convulses.
The fire dragon is lightly wounded.
The fire dragon breathes flames at you. The blast of flame hits you!!!
You hear an angry buzzing noise. x2
As you read the scroll of torment, it crumbles to dust.
You feel a surge of unholy energy.
The fire dragon convulses!
The fire dragon breathes flames at you. The blast of flame hits you!!
* * * LOW HITPOINT WARNING * * *
You hear an angry buzzing noise.
Okay, then.
Unknown command.
Okay, then.
Okay, then.
Unknown command.
Aiming: Overgrow
Press: ? - help, Dir - move target The rock wall is torn apart as an oklob plant grows in its place.
The rock wall is torn apart as an oklob sapling grows in its place.
The rock wall is torn apart as an oklob plant grows in its place.
You block the fire dragon's attack.
The fire dragon claws you but does no damage.
The fire dragon tramples you.
* * * LOW HITPOINT WARNING * * *
You stumble backwards!
A vampire mosquito comes into view.
Unknown command.
A vampire mosquito comes into view.
The fire dragon breathes flames at you. The blast of flame hits you!!!
You die...
Fedhas appreciates your contribution to the ecosystem.

....# #.....# <...# .
#.###.# ....# ..
#.....# ....# ..
#.....# ####...
##'###.##..# # .#.#
#..yy......# # . +
...#......# # #
...#......#
#...#D.@...# # ######
#...y......# #
#....###'#PPP.##..# #
#.#.∩.∩..#..+.##..# #
#....=...#..#.! ..#
###...∩.∩..#..#.....#
#...####...####... #
#.#.'......####.###.#
#.#.#.........#.###.#


You could see a fire dragon (catching breath, ally target), 3 vampire
mosquitoes, 2 friendly oklob plants and a friendly oklob sapling (summoned).

Vanquished Creatures
  3 hydras
  An ogre mage (D:13)
  2 catoblepae
  3 centaur warriors
  A boulder beetle (D:12)
  A merfolk avatar (Lair:5)
  4 two-headed ogres
  Erica (D:9)
  3 orc high priests (Orc:2)
  7 death yaks
  A sea snake (Lair:5)
  The ghost of jehirs the Geomancer, a novice GrEE (D:10)
  The ghost of hotpinklipstick the Trooper, a novice OpDe of Uskayaw (D:7)
  A bog body (Lair:2)
  Pikel (D:8)
  5 orc knights (Orc:2)
  A deep elf pyromancer (D:13)
  10 ugly things
  4 orc sorcerers (Orc:2)
  4 manticores
  3 cyclopes
  9 elephants
  An ice statue (IceCv)
  Maurice (D:9)
  2 black mambas
  7 cane toads
  3 torpor snails
  3 gargoyles
  An unseen horror (D:11)
  Maggie (D:6)
  7 komodo dragons
  3 rime drakes
  2 freezing wraiths
  6 trolls
  4 polar bears
  2 hornets
  3 meliai (D:14)
  Grinder (D:3)
  2 wind drakes (Lair:5)
  12 blink frogs
  8 slime creatures
  A centaur simulacrum (D:14)
  4 wraiths
  Grum (Lair:1)
  A vampire (D:11)
  5 wyverns
  34 yaks
  A shadow (D:10)
  6 basilisks
  3 steam dragons
  18 vampire mosquitoes
  8 wargs
  3 nagas (Lair:2)
  A death yak simulacrum (IceCv)
  3 acid dragons
  Duvessa (D:6)
  14 water moccasins
  19 orc warriors
  A hydra simulacrum (IceCv)
  2 black bears
  An ice beast (D:6)
  2 sky beasts (D:6)
  12 wolves
  5 ogres
  10 centaurs
  3 kobold brigands
  2 lemures (D:8)
  10 bullfrogs
  A gnoll sergeant (D:5)
  A necrophage (D:5)
  5 scorpions
  8 two-headed ogre simulacra (IceCv)
  7 wights
  Dowan (D:6)
  3 elephant simulacra (IceCv)
  3 electric eels
  4 howler monkeys
  16 orc priests
  9 hounds
  3 jellies
  Crazy Yiuf (D:6)
  3 gnoll boudas
  4 iguanas
  5 hell rats (Lair:3)
  2 spriggan simulacra (IceCv)
  25 orc wizards
  A polar bear simulacrum (IceCv)
  3 troll simulacra (IceCv)
  5 wolf simulacra
  20 gnolls
  9 adders
  2 naga simulacra (IceCv)
  8 white imps
  4 ufetubi (IceCv)
  4 worms
  41 orcs
  8 endoplasms
  3 giant cockroaches
  10 goblins
  9 hobgoblins
  20 kobolds
  10 quokkas
  5 ball pythons
  10 bats
  2 frilled lizards (D:1)
  6 rats
  4 ballistomycete spores
592 creatures vanquished.

Vanquished Creatures (collateral kills)
  A two-headed ogre (D:14)
  A manticore (D:12)
  An elephant (Lair:3)
  A komodo dragon (Lair:2)
  2 wind drakes (Lair:5)
  A yak (Lair:1)
  A wyvern (Lair:1)
  2 lemures (D:8)
  An orc wizard (Orc:2)
  A troll simulacrum (IceCv)
  An ufetubus (IceCv)
  3 orcs
  111 ballistomycete spores
127 creatures vanquished.

Vanquished Creatures (others)
  3 ballistomycete spores
  34 fungi
  58 plants
95 creatures vanquished.

Grand Total: 814 creatures vanquished

Notes
Turn   | Place    | Note
-------+----------+-------------------------------------------
     0 | D:1      | RepoMan the Mummy Fighter began the quest for the Orb.
     0 | D:1      | Reached XP level 1. HP: 18/18 MP: 1/1
   352 | D:1      | Reached skill level 2 in Polearms
   454 | D:1      | Found Jatt's Magic Scroll Emporium.
   497 | D:1      | Reached XP level 2. HP: 20/24 MP: 2/2
   853 | D:1      | Found a faded altar of an unknown god.
  1073 | D:2      | Reached skill level 3 in Polearms
  1073 | D:2      | Gained mutation: You are in touch with the powers of death.
                  | [Mummy growth]
  1073 | D:2      | Reached XP level 3. HP: 27/29 MP: 3/3
  1610 | D:2      | Reached XP level 4. HP: 29/35 MP: 4/4
  2208 | D:3      | Found a glowing drain.
  2223 | Sewer    | Entered a sewer
  2253 | Sewer    | Noticed a water moccasin
  2270 | Sewer    | Killed a water moccasin
  2271 | Sewer    | Reached skill level 4 in Polearms
  2271 | Sewer    | Reached XP level 5. HP: 34/41 MP: 5/5
  2630 | D:3      | Found Vuak's Weapon Shoppe.
  2986 | D:3      | Reached skill level 5 in Polearms
  3004 | D:3      | Noticed Grinder
  3018 | D:3      | Killed Grinder
  3019 | D:3      | Reached skill level 6 in Polearms
  3019 | D:3      | Reached XP level 6. HP: 47/47 MP: 6/6
  3237 | D:1      | Bought a scroll of poison for 40 gold pieces
  3237 | D:1      | Bought a scroll of teleportation for 30 gold pieces
  3237 | D:1      | Bought a scroll of immolation for 40 gold pieces
  3237 | D:1      | Bought a scroll of noise for 10 gold pieces
  3237 | D:1      | Bought 2 scrolls of identify for 40 gold pieces
  3237 | D:1      | Bought a scroll of teleportation for 30 gold pieces
  3313 | D:4      | Noticed Blork the orc
  3318 | D:4      | Blork the orc changed into Blork the rat
  3318 | D:4      | Noticed Blork
  3319 | D:4      | Killed Blork the rat
  3457 | D:4      | Noticed a water moccasin
  3463 | D:4      | Killed a water moccasin
  3464 | D:4      | Reached XP level 7. HP: 43/52 MP: 7/7
  3872 | D:5      | Entered Level 5 of the Dungeon
  3940 | D:5      | Reached skill level 7 in Polearms
  4124 | D:5      | Identified the +1 ring mail of Apathy {rN+ Will- Int+4
                  | Dex+7}
  4650 | D:5      | Reached XP level 8. HP: 35/58 MP: 8/8
  4654 | D:5      | Reached skill level 8 in Polearms
  4927 | D:5      | Found a staircase to the Ecumenical Temple.
  4933 | Temple   | Entered the Ecumenical Temple
  4953 | Temple   | Became a worshipper of Fedhas Madash
  5731 | D:6      | Found a runed translucent door.
  5732 | D:6      | Noticed Crazy Yiuf
  5763 | D:6      | Reached * piety under Fedhas
  5812 | D:6      | Reached skill level 9 in Polearms
  6068 | D:6      | Noticed Maggie
  6417 | D:1      | Bought a scroll of enchant armour for 75 gold pieces
  6417 | D:1      | Bought a scroll of identify for 20 gold pieces
  6885 | D:7      | Reached XP level 9. HP: 37/63 MP: 9/9
  7584 | D:7      | Reached skill level 10 in Polearms
  7846 | D:7      | Found a runed translucent gate.
  7846 | D:7      | Found a runed translucent gate.
  7847 | D:7      | Found a runed translucent gate.
  7848 | D:7      | Noticed hotpinklipstick's ghost (novice OpDe)
  8095 | D:7      | Reached ** piety under Fedhas
  9786 | D:8      | Noticed Pikel
  9794 | D:8      | Killed Pikel
  9795 | D:8      | Reached skill level 5 in Shields
 10366 | D:9      | Identified the +8 sling "Impslayer" {venom, Fragile Fly rF+
                  | Str+4}
 10425 | D:9      | Reached skill level 5 in Fighting
 10468 | D:9      | Noticed Erica
 10485 | D:9      | Killed Erica
 10486 | D:9      | Reached XP level 10. HP: 58/74 MP: 10/10
 10969 | D:9      | Noticed a two-headed ogre
 11002 | D:9      | Killed a two-headed ogre
 11003 | D:9      | Reached skill level 1 in Invocations
 11194 | D:9      | Noticed Maurice
 11215 | D:9      | Killed Maurice
 11216 | D:9      | Reached skill level 11 in Polearms
 11673 | D:10     | Entered Level 10 of the Dungeon
 11673 | D:10     | Found a runed translucent door.
 11693 | D:10     | Noticed a centaur warrior
 11693 | D:10     | Noticed jehirs's ghost (novice GrEE)
 11748 | D:10     | Reached *** piety under Fedhas
 11761 | D:10     | Found Mexelimm's Tremendous Tomes.
 11995 | D:10     | Found a sparkling altar of Nemelex Xobeh.
 12218 | D:10     | Reached XP level 11. HP: 28/83 MP: 7/13
 12279 | D:10     | Found a staircase to the Lair.
 13051 | D:10     | Found an opulent altar of Gozag.
 13169 | Lair:1   | Entered Level 1 of the Lair of Beasts
 13194 | Lair:1   | Identified the +0 leather armour of Cloud Cover {Rampage}
 13267 | Lair:1   | Noticed Grum
 13292 | Lair:1   | Killed Grum
 13478 | Lair:1   | Reached **** piety under Fedhas
 13546 | Lair:1   | Reached skill level 12 in Polearms
 13697 | Lair:1   | Noticed a four-headed hydra
 13709 | Lair:1   | Killed a four-headed hydra
 13710 | Lair:1   | Reached skill level 5 in Invocations
 13797 | Lair:1   | Noticed a fire crab
 14111 | Lair:2   | Noticed a four-headed hydra
 14124 | Lair:2   | Killed a four-headed hydra
 14125 | Lair:2   | Reached XP level 12. HP: 93/93 MP: 12/16
 14172 | Lair:2   | Identified a scroll of acquirement
 14173 | Lair:2   | Acquired 256 gold pieces
 14181 | Lair:2   | Found a frozen archway.
 14297 | IceCv    | Entered an ice cave
 15345 | IceCv    | Noticed a reaper
 15661 | Lair:2   | Found a staircase to the Swamp.
 15679 | Lair:2   | Reached skill level 13 in Polearms
 15994 | Lair:2   | Found a staircase to the Snake Pit.
 16075 | Lair:2   | Noticed a catoblepas
 16091 | Lair:2   | Killed a catoblepas
 16517 | Lair:3   | Noticed a death yak
 16531 | Lair:3   | Noticed a death yak
 16539 | Lair:3   | Killed a death yak
 16541 | Lair:3   | Killed a death yak
 17241 | Lair:4   | Noticed a death yak
 17252 | Lair:4   | Killed a death yak
 17253 | Lair:4   | Gained mutation: You are strongly in touch with the powers
                  | of death. [Mummy growth]
 17253 | Lair:4   | Reached XP level 13. HP: 101/101 MP: 14/18
 17366 | Lair:4   | You fall into a shaft and drop 1 floor!
 17366 | Lair:5   | Entered Level 5 of the Lair of Beasts
 17466 | Lair:5   | Reached skill level 14 in Polearms
 17492 | Lair:5   | Reached skill level 10 in Fighting
 19008 | Lair:5   | Found a staircase to the Slime Pits.
 19410 | Lair:5   | Found the +8 trident of the Octopus King {venom, rElec
                  | rPois}
 19887 | D:11     | Acquired a manual of Invocations
 20346 | D:11     | Reached XP level 14. HP: 103/111 MP: 20/20
 20735 | D:12     | Found a staircase to the Orcish Mines.
 20792 | D:12     | Found Dovis's Magic Scroll Boutique.
 20800 | D:12     | Bought a scroll of poison for 44 gold pieces
 20800 | D:12     | Bought a scroll of vulnerability for 44 gold pieces
 20800 | D:12     | Bought a scroll of teleportation for 33 gold pieces
 20800 | D:12     | Bought a scroll of enchant armour for 82 gold pieces
 20800 | D:12     | Bought a scroll of fear for 44 gold pieces
 20800 | D:12     | Bought 2 scrolls of fog for 88 gold pieces
 20800 | D:12     | Bought a scroll of torment for 104 gold pieces
 21502 | Orc:1    | Entered Level 1 of the Orcish Mines
 21664 | Orc:2    | Entered Level 2 of the Orcish Mines
 21726 | Orc:2    | Found Teuru's Antique Armour Emporium.
 22234 | Orc:2    | Reached skill level 10 in Invocations
 22241 | Orc:2    | Found a staircase to the Elven Halls.
 22562 | Orc:2    | Reached skill level 10 in Shields
 22570 | Orc:2    | Reached skill level 15 in Polearms
 22786 | Orc:2    | Found Quzat's Distillery.
 22797 | Orc:2    | Found Qouxoteh's Antique Weapon Emporium.
 22797 | Orc:2    | Found Monn's Armour Shop.
 22818 | Orc:2    | Found Quomiam's Magic Scroll Shop.
 22841 | Orc:2    | Bought a scroll of poison for 52 gold pieces
 22841 | Orc:2    | Bought a scroll of fog for 52 gold pieces
 22841 | Orc:2    | Bought a scroll of fear for 52 gold pieces
 22841 | Orc:2    | Bought a scroll of immolation for 52 gold pieces
 22932 | Orc:2    | Bought a ruby-encrusted ring mail for 261 gold pieces
 22932 | Orc:2    | Identified the +5 ring mail of a bailey {rC- rN+ MP+9
                  | Int+3} (You bought it in a shop on level 2 of the Orcish
                  | Mines)
 23096 | D:6      | Noticed Duvessa
 23100 | D:6      | Noticed Dowan
 23105 | D:6      | Killed Dowan
 23113 | D:6      | Killed Duvessa
 23194 | D:6      | Killed Maggie
 23660 | D:6      | Killed Crazy Yiuf
 23663 | D:6      | Identified the +4 hammer of the Distant Future {drain,
                  | rElec}
 23816 | D:7      | Killed hotpinklipstick's ghost
 23966 | D:10     | Killed jehirs's ghost
 24135 | D:13     | Found a gate to the Vaults.
 24364 | D:13     | Noticed Cinos's ghost (journeyman DjFE)
 24438 | D:13     | Noticed Sonja
 24439 | D:13     | Sonja changed into Sonja the black bear
 24439 | D:13     | Noticed Sonja
 24445 | D:13     | Killed Sonja the black bear
 24601 | D:13     | Found a transporter.
 24602 | D:13     | Found a transporter.
 25482 | D:14     | Found Ruacof's Jewellery Emporium.
 25506 | D:14     | Bought a ring of resist corrosion for 300 gold pieces
 25578 | D:14     | Reached XP level 15. HP: 92/120 MP: 24/24
 25707 | D:14     | Found Dusorrux's Book Shoppe.
 25805 | D:14     | Killed from afar by a fire dragon

Illustrated notes

Levels and vault maps discovered:
D:1:      dpeg_arrival_chambers_temple_mockup, layout_loops_ring,
          ebering_ecumenical_altar_petrified, serial_shops, shop
D:2:      layout_basic, kennysheep_flooded_box, kennysheep_generic_room_6
D:3:      layout_basic, serial_shops, nicolae_shop_window_shopping,
          portal_sewer_entry_f, kennysheep_generic_room_3, uniq_grinder
D:4:      layout_gridville, uniq_blork_the_orc
D:5:      layout_basic, minmay_temple_entry_fiery,
          hangedman_abyss_or_decor_slice
D:6:      layout_loops_ring, uniq_duvessa, uniq_maggie, uniq_crazy_yiuf_cottage
D:7:      layout_loops_ring, ebering_ghost_rock_garden
D:8:      layout_gridville, uniq_pikel
D:9:      layout_roguey, uniq_maurice, uniq_erica
D:10:     layout_loops_corners, mainiacjoe_overflow_alcove_2,
          mainiacjoe_overflow_catwalk_spiral, erik_lair_island,
          ebering_ghost_inner_flame, nicolae_shop_i_like_big_books
D:11:     layout_basic, chequers_serial_rivers_small_a, st_stairs_13,
          nooodl_orcs_dogs
D:12:     layout_rooms, orc_0_dummy, serial_shops, shop_statue
D:13:     layout_rooms, david_vaults_2, gammafunk_ghost_arena, uniq_sonja
D:14:     layout_stronghold, serial_shops,
          nicolae_shop_competitors_out_of_business, shop,
          chequers_serial_rivers_micro_d, hellmonk_scale_shop
Temple:   hellmonk_temple_of_storms
Lair:1:   layout_misc_corridors, st_stairs_6, chequers_serial_rivers_micro_b,
          nicolae_lair_lakeside_cave, infiniplex_staircase_pool_2, uniq_grum
Lair:2:   beast_lair_carwin_large_3, layout_regular_city,
          skrybe_swamp_entry_bodies, guppyfry_snake_entry_island,
          portal_ice_cave_entry_ice_simulacra
Lair:3:   layout_loops_ring, serial_rivers, chequers_serial_rivers_room_b,
          chequers_serial_rivers_room_a, chequers_serial_rivers_small_a,
          chequers_serial_rivers_micro_d, chequers_serial_rivers_large_b,
          chequers_serial_rivers_small_a
Lair:4:   layout_long_grid
Lair:5:   gammafunk_lair_ancient_temple, layout_long_grid, slime_entry_1
Orc:1:    layout_diamond_mine, serial_shops, nicolae_square_shop,
          hellmonk_jugg_or_not
Orc:2:    st_orc_elflike, layout_diamond_mine, serial_shops,
          nicolae_shop_hallway_plus

Skill      XL: |  1  2  3  4  5  6  7  8  9 10 11 12 13 14 |
---------------+-------------------------------------------+-----
Polearms       | 2 3 4 6 7 9 10 11 12 13 14 15 | 15.3
Shields        | 3 5 6 7 8 9 10 | 10.5
Fighting       | 5 6 8 9 10 11 | 11.9
Invocations    | 3 5 6 8 12 | 12.9
Armour         | |  2.5

Action                   |  1- 3 |  4- 6 |  7- 9 | 10-12 | 13-15 || total
-------------------------+-------+-------+-------+-------+-------++-------
Melee: Trident           |    19 |       |   120 |   857 |   685 ||  1681
       Spear             |   124 |   119 |   361 |       |       ||   604
       Lance             |       |       |       |       |   294 ||   294
Throw: Stone             |    11 |       |     3 |       |       ||    14
       Dart              |       |       |    20 |    39 |     5 ||    64
       Boomerang         |       |       |    22 |    42 |    11 ||    75
       Javelin           |       |       |     5 |     2 |       ||     7
Invok: Wall of Briars    |       |       |     3 |    24 |    32 ||    59
       Grow Ballistomyce |       |       |       |     6 |    13 ||    19
       Overgrow          |       |       |       |     1 |     2 ||     3
Evoke: Wand              |       |    10 |    14 |    41 |    13 ||    78
       Tin of tremorston |       |       |       |       |     1 ||     1
  Use: Scroll            |       |     5 |    10 |     9 |    12 ||    36
 Stab: Distracted        |       |     2 |       |     1 |     1 ||     4
       Paralysed         |       |       |       |     5 |       ||     5
       Confused          |       |       |       |     3 |     5 ||     8
       Petrified         |       |       |       |       |     3 ||     3
Armor: Scale mail        |    43 |    32 |    88 |   145 |    63 ||   371
       Acid dragon scale |       |       |       |       |    65 ||    65
       Plate armour      |       |       |       |       |     3 ||     3
       Robe              |       |       |       |       |     1 ||     1
Dodge: Dodged            |    34 |    26 |   105 |   128 |   117 ||   410
Block: Buckler           |    14 |    14 |    46 |     4 |       ||    78
       Kite shield       |       |       |       |   255 |   252 ||   507

Table legend: (Time is in decaauts)
 A = Elapsed time spent in this place.
 B = Non-inter-level travel time spent in this place.
 C = Inter-level travel time spent in this place.
 D = Time resting spent in this place.
 E = Time spent auto-exploring this place.
 F = Levels seen in this place.
 G = Mean time per level.
                   A        B        C        D        E       F      G
               +--------+--------+--------+--------+--------+-----+--------+
         Total |  25553 |  23665 |   1888 |   4780 |   8614 |  24 | 1064.7 |
       Dungeon |  17319 |  15825 |   1494 |   3746 |   6859 |  14 | 1237.1 |
        Temple |     40 |     40 |      0 |      0 |      0 |   1 |   40.0 |
          Lair |   5451 |   5188 |    263 |    600 |   1636 |   5 | 1090.2 |
  Orcish Mines |   1442 |   1312 |    130 |     70 |    119 |   2 |  721.0 |
         Sewer |    148 |    148 |      0 |     51 |      0 |   1 |  148.0 |
      Ice Cave |   1150 |   1150 |      0 |    312 |      0 |   1 | 1150.0 |
               +--------+--------+--------+--------+--------+-----+--------+

Top non-repeatable levels by time:
     D:7: 1940 daAuts
     D:5: 1868 daAuts
  Lair:5: 1730 daAuts
    D:10: 1635 daAuts
     D:8: 1608 daAuts
     D:9: 1512 daAuts
     D:6: 1362 daAuts
   Orc:2: 1274 daAuts
     D:1: 1164 daAuts
   IceCv: 1150 daAuts
    D:11: 1101 daAuts
     D:3: 1080 daAuts
     D:2: 1061 daAuts
  Lair:2: 1016 daAuts
  Lair:1: 980 daAuts
